Workbook

Sheet Set-up
B6: Currency | C6: £
B9: Incomes | C9: =C6 -> £ | D9: Essentials | E9: =C6 -> £ | F9: Non-essentials | G9: =C6 -> £ | H9: Other / goals | I9: =C6 -> £
B10: Income 1 | C10: 4395.13 | D10: Mortgage | E10: 950 | F10: Spotify | G10: 14.99 | H10: Emergency Fund | I10: 300
B11: Side Hustle | C11: 1000 | D11: Gas/Electric | E11: 230 | F11: Odeon | G11: 17.99 | H11: Investments (ISA/GIA) | I11: 250
D12: Council Tax | E12: 200 | F12: Gym | G12: 50 | H12: House Deposit
D13: Sky | E13: 80 | F13: Eating out | G13: 150 | H13: Debt Repayment
D14: Life Insurance | E14: 30 | F14: Amazon | G14: 8.99 | H14: Pension
D15: Phone | E15: 60 | F15: Haircuts | G15: 40
D16: Food | E16: 600 | F16: Miscellaneous | G16: 300
D17: Car Insurance | E17: 120 | F17: Holiday | G17: 220
D18: Water | E18: 40
D19: Childcare | E19: 650
D20: Car Finance | E20: 250

Sheet Monthly overview
O2: =O5+K5+G5 -> 5061.97 | Q2: =O2/E52 -> 0.93824801
O3: Total spent | Q3: Spending %
G5: =I52 -> 3210 | K5: =M52 -> 801.97 | O5: =Q52 -> 1050 | Q5: =E11-E12-E13-E14 -> 333.16
B6: Monthly dashboard | G6: Total spending on essentials | K6: Total spending on non-essentials | O6: Total spending on other expenses | Q6: =IF(Q5>0,"Left to spend","Over spending") -> Left to spend
O7: =Q52/E52 -> 0.19461996
B8: Summary | G8: =I52/E52 -> 0.59498103 | K8: =M52/E52 -> 0.14864702
B10: Category | D10: ='Set-up'!C6 -> £
C11: Incomes | D11: ='Set-up'!$C$6 -> £ | E11: =E52 -> 5395.13
C12: Essentials | D12: ='Set-up'!$C$6 -> £ | E12: =I52 -> 3210
C13: Non essentials | D13: ='Set-up'!$C$6 -> £ | E13: =M52 -> 801.97
C14: Others | D14: ='Set-up'!$C$6 -> £ | E14: =Q52 -> 1050
B17: Remaining amount | D17: ='Set-up'!$C$6 -> £ | E17: =E11-SUM(E12:E16) -> 333.16
B19: Incomes | G19: Essentials | K19: Non-essentials | O19: Other (add values here)
B21: Category | D21: ='Set-up'!$C$6 -> £ | G21: Category | H21: ='Set-up'!$C$6 -> £ | K21: Category | L21: ='Set-up'!$C$6 -> £ | O21: Category | P21: ='Set-up'!$C$6 -> £ | R21: %
B22: =IF(ISBLANK('Set-up'!B10),"",'Set-up'!B10) -> Income 1 | E22: =IF(ISBLANK('Set-up'!B10),"",'Set-up'!C10) -> 4395.13 | G22: =IF(ISBLANK('Set-up'!D10),"",'Set-up'!D10) -> Mortgage | I22: =IF(ISBLANK('Set-up'!D10),"",'Set-up'!E10) -> 950 | K22: =IF(ISBLANK('Set-up'!F10),"",'Set-up'!F10) -> Spotify | M22: =IF(ISBLANK('Set-up'!F10),"",'Set-up'!G10) -> 14.99 | O22: Emergency Fund | Q22: =IF(ISBLANK('Set-up'!H10),"",'Set-up'!I10) -> 300 | R22: =IF(O22<>"",Q22/$E$52,"") -> 0.055605704
B23: =IF(ISBLANK('Set-up'!B11),"",'Set-up'!B11) -> Side Hustle | E23: =IF(ISBLANK('Set-up'!B11),"",'Set-up'!C11) -> 1000 | G23: =IF(ISBLANK('Set-up'!D11),"",'Set-up'!D11) -> Gas/Electric | I23: =IF(ISBLANK('Set-up'!D11),"",'Set-up'!E11) -> 230 | K23: =IF(ISBLANK('Set-up'!F11),"",'Set-up'!F11) -> Odeon | M23: =IF(ISBLANK('Set-up'!F11),"",'Set-up'!G11) -> 17.99 | O23: Investments (ISA/GIA) | Q23: =IF(ISBLANK('Set-up'!H11),"",'Set-up'!I11) -> 250 | R23: =IF(O23<>"",Q23/$E$52,"") -> 0.046338086
B24: =IF(ISBLANK('Set-up'!B12),"",'Set-up'!B12) | E24: =IF(ISBLANK('Set-up'!B12),"",'Set-up'!C12) | G24: =IF(ISBLANK('Set-up'!D12),"",'Set-up'!D12) -> Council Tax | I24: =IF(ISBLANK('Set-up'!D12),"",'Set-up'!E12) -> 200 | K24: =IF(ISBLANK('Set-up'!F12),"",'Set-up'!F12) -> Gym | M24: =IF(ISBLANK('Set-up'!F12),"",'Set-up'!G12) -> 50 | O24: House Deposit | Q24: 150 | R24: =IF(O24<>"",Q24/$E$52,"") -> 0.027802852
B25: =IF(ISBLANK('Set-up'!B13),"",'Set-up'!B13) | E25: =IF(ISBLANK('Set-up'!B13),"",'Set-up'!C13) | G25: =IF(ISBLANK('Set-up'!D13),"",'Set-up'!D13) -> Sky | I25: =IF(ISBLANK('Set-up'!D13),"",'Set-up'!E13) -> 80 | K25: =IF(ISBLANK('Set-up'!F13),"",'Set-up'!F13) -> Eating out | M25: =IF(ISBLANK('Set-up'!F13),"",'Set-up'!G13) -> 150 | O25: Debt Repayment | Q25: 200 | R25: =IF(O25<>"",Q25/$E$52,"") -> 0.037070469
B26: =IF(ISBLANK('Set-up'!B14),"",'Set-up'!B14) | E26: =IF(ISBLANK('Set-up'!B14),"",'Set-up'!C14) | G26: =IF(ISBLANK('Set-up'!D14),"",'Set-up'!D14) -> Life Insurance | I26: =IF(ISBLANK('Set-up'!D14),"",'Set-up'!E14) -> 30 | K26: =IF(ISBLANK('Set-up'!F14),"",'Set-up'!F14) -> Amazon | M26: =IF(ISBLANK('Set-up'!F14),"",'Set-up'!G14) -> 8.99 | O26: Pension | Q26: 150 | R26: =IF(O26<>"",Q26/$E$52,"") -> 0.027802852
B27: =IF(ISBLANK('Set-up'!B15),"",'Set-up'!B15) | E27: =IF(ISBLANK('Set-up'!B15),"",'Set-up'!C15) | G27: =IF(ISBLANK('Set-up'!D15),"",'Set-up'!D15) -> Phone | I27: =IF(ISBLANK('Set-up'!D15),"",'Set-up'!E15) -> 60 | K27: =IF(ISBLANK('Set-up'!F15),"",'Set-up'!F15) -> Haircuts | M27: =IF(ISBLANK('Set-up'!F15),"",'Set-up'!G15) -> 40 | O27: =IF(ISBLANK('Set-up'!H15),"",'Set-up'!H15) | Q27: =IF(ISBLANK('Set-up'!H15),"",'Set-up'!I15) | R27: =IF(O27<>"",Q27/$E$52,"")
B28: =IF(ISBLANK('Set-up'!B16),"",'Set-up'!B16) | E28: =IF(ISBLANK('Set-up'!B16),"",'Set-up'!C16) | G28: =IF(ISBLANK('Set-up'!D16),"",'Set-up'!D16) -> Food | I28: =IF(ISBLANK('Set-up'!D16),"",'Set-up'!E16) -> 600 | K28: =IF(ISBLANK('Set-up'!F16),"",'Set-up'!F16) -> Miscellaneous | M28: =IF(ISBLANK('Set-up'!F16),"",'Set-up'!G16) -> 300 | O28: =IF(ISBLANK('Set-up'!H16),"",'Set-up'!H16) | Q28: =IF(ISBLANK('Set-up'!H16),"",'Set-up'!I16) | R28: =IF(O28<>"",Q28/$E$52,"")
B29: =IF(ISBLANK('Set-up'!B17),"",'Set-up'!B17) | E29: =IF(ISBLANK('Set-up'!B17),"",'Set-up'!C17) | G29: =IF(ISBLANK('Set-up'!D17),"",'Set-up'!D17) -> Car Insurance | I29: =IF(ISBLANK('Set-up'!D17),"",'Set-up'!E17) -> 120 | K29: =IF(ISBLANK('Set-up'!F17),"",'Set-up'!F17) -> Holiday | M29: =IF(ISBLANK('Set-up'!F17),"",'Set-up'!G17) -> 220 | O29: =IF(ISBLANK('Set-up'!H17),"",'Set-up'!H17) | Q29: =IF(ISBLANK('Set-up'!H17),"",'Set-up'!I17) | R29: =IF(O29<>"",Q29/$E$52,"")
B30: =IF(ISBLANK('Set-up'!B18),"",'Set-up'!B18) | E30: =IF(ISBLANK('Set-up'!B18),"",'Set-up'!C18) | G30: =IF(ISBLANK('Set-up'!D18),"",'Set-up'!D18) -> Water | I30: =IF(ISBLANK('Set-up'!D18),"",'Set-up'!E18) -> 40 | K30: =IF(ISBLANK('Set-up'!F18),"",'Set-up'!F18) | M30: =IF(ISBLANK('Set-up'!F18),"",'Set-up'!G18) | O30: =IF(ISBLANK('Set-up'!H18),"",'Set-up'!H18) | Q30: =IF(ISBLANK('Set-up'!H18),"",'Set-up'!I18) | R30: =IF(O30<>"",Q30/$E$52,"")
B31: =IF(ISBLANK('Set-up'!B19),"",'Set-up'!B19) | E31: =IF(ISBLANK('Set-up'!B19),"",'Set-up'!C19) | G31: =IF(ISBLANK('Set-up'!D19),"",'Set-up'!D19) -> Childcare | I31: =IF(ISBLANK('Set-up'!D19),"",'Set-up'!E19) -> 650 | K31: =IF(ISBLANK('Set-up'!F19),"",'Set-up'!F19) | M31: =IF(ISBLANK('Set-up'!F19),"",'Set-up'!G19) | O31: =IF(ISBLANK('Set-up'!H19),"",'Set-up'!H19) | Q31: =IF(ISBLANK('Set-up'!H19),"",'Set-up'!I19) | R31: =IF(O31<>"",Q31/$E$52,"")
B32: =IF(ISBLANK('Set-up'!B20),"",'Set-up'!B20) | E32: =IF(ISBLANK('Set-up'!B20),"",'Set-up'!C20) | G32: =IF(ISBLANK('Set-up'!D20),"",'Set-up'!D20) -> Car Finance | I32: =IF(ISBLANK('Set-up'!D20),"",'Set-up'!E20) -> 250 | K32: =IF(ISBLANK('Set-up'!F20),"",'Set-up'!F20) | M32: =IF(ISBLANK('Set-up'!F20),"",'Set-up'!G20) | O32: =IF(ISBLANK('Set-up'!H20),"",'Set-up'!H20) | Q32: =IF(ISBLANK('Set-up'!H20),"",'Set-up'!I20) | R32: =IF(O32<>"",Q32/$E$52,"")
B33: =IF(ISBLANK('Set-up'!B21),"",'Set-up'!B21) | E33: =IF(ISBLANK('Set-up'!B21),"",'Set-up'!C21) | G33: =IF(ISBLANK('Set-up'!D21),"",'Set-up'!D21) | I33: =IF(ISBLANK('Set-up'!D21),"",'Set-up'!E21) | K33: =IF(ISBLANK('Set-up'!F21),"",'Set-up'!F21) | M33: =IF(ISBLANK('Set-up'!F21),"",'Set-up'!G21) | O33: =IF(ISBLANK('Set-up'!H21),"",'Set-up'!H21) | Q33: =IF(ISBLANK('Set-up'!H21),"",'Set-up'!I21) | R33: =IF(O33<>"",Q33/$E$52,"")
B34: =IF(ISBLANK('Set-up'!B22),"",'Set-up'!B22) | E34: =IF(ISBLANK('Set-up'!B22),"",'Set-up'!C22) | G34: =IF(ISBLANK('Set-up'!D22),"",'Set-up'!D22) | I34: =IF(ISBLANK('Set-up'!D22),"",'Set-up'!E22) | K34: =IF(ISBLANK('Set-up'!F22),"",'Set-up'!F22) | M34: =IF(ISBLANK('Set-up'!F22),"",'Set-up'!G22) | O34: =IF(ISBLANK('Set-up'!H22),"",'Set-up'!H22) | Q34: =IF(ISBLANK('Set-up'!H22),"",'Set-up'!I22) | R34: =IF(O34<>"",Q34/$E$52,"")
B35: =IF(ISBLANK('Set-up'!B23),"",'Set-up'!B23) | E35: =IF(ISBLANK('Set-up'!B23),"",'Set-up'!C23) | G35: =IF(ISBLANK('Set-up'!D23),"",'Set-up'!D23) | I35: =IF(ISBLANK('Set-up'!D23),"",'Set-up'!E23) | K35: =IF(ISBLANK('Set-up'!F23),"",'Set-up'!F23) | M35: =IF(ISBLANK('Set-up'!F23),"",'Set-up'!G23) | O35: =IF(ISBLANK('Set-up'!H23),"",'Set-up'!H23) | Q35: =IF(ISBLANK('Set-up'!H23),"",'Set-up'!I23) | R35: =IF(O35<>"",Q35/$E$52,"")
B36: =IF(ISBLANK('Set-up'!B24),"",'Set-up'!B24) | E36: =IF(ISBLANK('Set-up'!B24),"",'Set-up'!C24) | G36: =IF(ISBLANK('Set-up'!D24),"",'Set-up'!D24) | I36: =IF(ISBLANK('Set-up'!D24),"",'Set-up'!E24) | K36: =IF(ISBLANK('Set-up'!F24),"",'Set-up'!F24) | M36: =IF(ISBLANK('Set-up'!F24),"",'Set-up'!G24) | O36: =IF(ISBLANK('Set-up'!H24),"",'Set-up'!H24) | Q36: =IF(ISBLANK('Set-up'!H24),"",'Set-up'!I24) | R36: =IF(O36<>"",Q36/$E$52,"")
B37: =IF(ISBLANK('Set-up'!B25),"",'Set-up'!B25) | E37: =IF(ISBLANK('Set-up'!B25),"",'Set-up'!C25) | G37: =IF(ISBLANK('Set-up'!D25),"",'Set-up'!D25) | I37: =IF(ISBLANK('Set-up'!D25),"",'Set-up'!E25) | K37: =IF(ISBLANK('Set-up'!F25),"",'Set-up'!F25) | M37: =IF(ISBLANK('Set-up'!F25),"",'Set-up'!G25) | O37: =IF(ISBLANK('Set-up'!H25),"",'Set-up'!H25) | Q37: =IF(ISBLANK('Set-up'!H25),"",'Set-up'!I25) | R37: =IF(O37<>"",Q37/$E$52,"")
B38: =IF(ISBLANK('Set-up'!B26),"",'Set-up'!B26) | E38: =IF(ISBLANK('Set-up'!B26),"",'Set-up'!C26) | G38: =IF(ISBLANK('Set-up'!D26),"",'Set-up'!D26) | I38: =IF(ISBLANK('Set-up'!D26),"",'Set-up'!E26) | K38: =IF(ISBLANK('Set-up'!F26),"",'Set-up'!F26) | M38: =IF(ISBLANK('Set-up'!F26),"",'Set-up'!G26) | O38: =IF(ISBLANK('Set-up'!H26),"",'Set-up'!H26) | Q38: =IF(ISBLANK('Set-up'!H26),"",'Set-up'!I26) | R38: =IF(O38<>"",Q38/$E$52,"")
... B51: =IF(ISBLANK('Set-up'!B39),"",'Set-up'!B39) | E51: =IF(ISBLANK('Set-up'!B39),"",'Set-up'!C39) | G51: =IF(ISBLANK('Set-up'!D39),"",'Set-up'!D39) | I51: =IF(ISBLANK('Set-up'!D39),"",'Set-up'!E39) | K51: =IF(ISBLANK('Set-up'!F39),"",'Set-up'!F39) | M51: =IF(ISBLANK('Set-up'!F39),"",'Set-up'!G39) | O51: =IF(ISBLANK('Set-up'!H39),"",'Set-up'!H39) | Q51: =IF(ISBLANK('Set-up'!H39),"",'Set-up'!I39) | R51: =IF(O51<>"",Q51/$E$52,"")
B52: Total | D52: ='Set-up'!$C$6 -> £ | E52: =SUM(E22:E51) -> 5395.13 | G52: Total | H52: ='Set-up'!$C$6 -> £ | I52: =SUM(I22:I51) -> 3210 | K52: Total | L52: ='Set-up'!$C$6 -> £ | M52: =SUM(M22:M51) -> 801.97 | O52: Total | P52: ='Set-up'!$C$6 -> £ | Q52: =SUM(Q22:Q51) -> 1050 | R52: =Q52/E52 -> 0.19461996
C55: www.calmmoneycommunity.com
